 Dungeon Crawl Stone Soup version 0.29-a0-214-g17f627cfee (webtiles) character file.

Game seed: 16277761035535504792

83 navier the Digger (level 4, -10/24 HPs)
             Began as a Gargoyle Earth Elementalist on Feb 24, 2022.
             Killed from afar by Ijyb (11 damage)
             ... with an iceblast
             ... on level 3 of the Dungeon.
             The game lasted 00:15:55 (2374 turns).

navier the Digger (Gargoyle Earth Elementalist)     Turns: 2374, Time: 00:15:55

Health: -10/24     AC:  6    Str: 12    XL:     4   Next: 44%
Magic:  8/8        EV: 11    Int: 17    God:
Gold:   75         SH:  0    Dex: 10    Spells: 5/9 levels left

rFire   . . .      SeeInvis .   s - +2 flail (drain)
rCold   . . .      Faith    .   (no shield)
rNeg    + . .      Spirit   .   b - +0 robe
rPois   ∞          Reflect  .   (no helmet)
rElec   +          Harm     .   c - scarf {repulsion}
rCorr   .          Rampage  .   m - +0 pair of gloves
Will    .....                   (no boots)
Stlth   ++........              (no amulet)
HPRegen 0.08/turn               (no ring)
MPRegen 0.11/turn               (no ring)

@: repel missiles
A: sickness immunity, AC +3, negative energy resistance 1, electricity
resistance, torment resistance 1, petrification resistance
a: no special abilities


You were on level 3 of the Dungeon.
You visited 1 branch of the dungeon, and saw 4 of its levels.

You collected 75 gold pieces.

Inventory:

Hand Weapons
 s - a +2 flail of draining (weapon)
Missiles
 a - 116 stones
Armour
 b - a +0 robe (worn)
 c - a scarf of repulsion (worn)
 m - a +0 pair of gloves (worn)
Jewellery
 n - a ring of see invisible
Wands
 l - a wand of acid (6)
 o - a wand of iceblast (5)
Scrolls
 d - 2 scrolls of fog {unknown}
 e - a scroll of fear {unknown}
 g - 4 scrolls of identify {unknown}
 i - a scroll of teleportation {unknown}
 p - a scroll of immolation {unknown}
Potions
 f - a potion of curing {unknown}
 h - a potion of mutation {unknown}
 j - a potion of flight {unknown}
 k - 2 potions of heal wounds {unknown}
 q - a potion of degeneration {unknown}


   Skills:
 - Level 1.5 Dodging
 - Level 2.1 Stealth
 + Level 3.1 Spellcasting
 + Level 1.5 Conjurations
 - Level 0.7 Transmutations
 + Level 4.8 Earth Magic


You had 5 spell levels left.
You knew the following spells:

 Your Spells              Type           Power      Damage    Failure   Level
a - Sandblast             Erth           38%        2d10      2%          1
b - Stone Arrow           Conj/Erth      26%        3d8       14%         3

Your spell library contained the following spells:

 Spells                   Type           Power      Damage    Failure   Level
 Passwall                 Tmut/Erth      10%        N/A       9%          2
 Beastly Appendage        Tmut           10%        N/A       13%         1
 Wereblood                Tmut           5%         N/A       19%         2
 Spider Form              Tmut/Pois      3%         N/A       41%         3
 Petrify                  Tmut/Erth      12%        N/A       50%         4


Dungeon Overview and Level Annotations

Branches:
Dungeon (4/15)
 Temple: D:4-7

Altars:

Annotations:
D:3 Ijyb


Innate Abilities, Weirdness & Mutations

You are immune to sickness and miasma.
Your stone body is resilient. (AC +3)
You are immune to poison.
You resist negative energy. (rN+)
You are resistant to electric shocks. (rElec)
You are resistant to unholy torment.
You are immune to petrification.


Message History

You climb downwards.
Found a sapphire potion.
There is a stone staircase leading up here.
You climb upwards.
There is a stone staircase leading down here.
A bat comes into view.
Casting: Sandblast (safe; 2% risk of failure)
Confirm with . or Enter, or press ? or * to list all spells.
Aiming: Sandblast (safe; 2% risk of failure)
Press: ? - help, Shift-Dir - straight line, f - bat
Aim: a bat (asleep, 100% to hit)
The blast of sand hits the bat!
You kill the bat!
You start resting.
Magic restored.
There is a stone staircase leading up here.
Found a scroll labelled OKHLONN DOUXE.
e - a scroll labelled OKHLONN DOUXE You open the door.
There is an open door here.
Found a fuming inky potion.
Found a stone staircase leading down.
k - 2 fuming inky potions (gained 1)
There is a stone staircase leading down here.
You climb downwards.
There is a stone staircase leading up here.
You climb upwards.
There is a stone staircase leading down here.
You open the door.
There is an open door here.
Found a scroll labelled BIFRUOBUZU.
i - a scroll labelled BIFRUOBUZU
Found a dagger.
Ijyb the Twisted Goblin comes into view.
She is wielding a +0 club and carrying a wand of iceblast (10).
Found a wand of iceblast (8).
Ijyb zaps a wand.
The mass of ice explodes!
The iceblast engulfs you!
Ijyb zaps a wand.
The mass of ice explodes!
The iceblast engulfs you!
Ouch! That really hurt!
* * * LOW HITPOINT WARNING * * *
Ijyb zaps a wand.
The mass of ice explodes!
The iceblast engulfs you!
You die...

###### #....# #.##.#
#.##.# #.##.#
#'##.#####################
.>..............@.........
.....#.##########.#.g....#
.....#.....# #.....)..#
.....#.....# ##.......#
.....#.....# #.......#
####...##.#### ##.######
######....# ./ ####'## #.#
##.....# ..


You could see Ijyb.

Vanquished Creatures
  3 adders (D:3)
  2 worms (D:2)
  4 dart slugs
  2 orcs (D:3)
  3 bats
  6 endoplasms
  2 giant cockroaches (D:1)
  4 goblins
  A hobgoblin (D:1)
  3 kobolds
  4 ball pythons
  3 frilled lizards (D:1)
  4 rats (D:1)
41 creatures vanquished.

Notes
Turn   | Place    | Note
-------+----------+-------------------------------------------
     0 | D:1      | navier the Gargoyle Earth Elementalist began the quest for
                  | the Orb.
     0 | D:1      | Reached XP level 1. HP: 10/10 MP: 3/3
   177 | D:1      | Reached XP level 2. HP: 12/15 MP: 3/5
   193 | D:1      | Reached skill level 4 in Earth Magic
   625 | D:1      | Found a faded altar of an unknown god.
   903 | D:1      | Reached XP level 3. HP: 19/19 MP: 2/6
  1044 | D:1      | Learned a level 3 spell: Stone Arrow
  1625 | D:3      | Reached skill level 1 in Conjurations
  1818 | D:2      | Reached XP level 4. HP: 24/24 MP: 4/8
  2369 | D:3      | Noticed Ijyb
  2372 | D:3      | HP: 1/24 [Ijyb/iceblast (16)]
  2374 | D:3      | Killed from afar by Ijyb

Illustrated notes

Levels and vault maps discovered:
D:1:      dpeg_arrival_pits, layout_rooms, hellmonk_ecumenical_altar_run_dry,
          minmay_tetromino_t2
D:2:      layout_loops_cross, minmay_crystal_room, kennysheep_generic_room_2
D:3:      layout_basic, lightli_temple_of_fire, uniq_ijyb
D:4:      due_chaos_kobolds, layout_layer_cave, dk_yredelemnul_ordeal,
          uniq_menkaure, uniq_eustachio, uniq_crazy_yiuf_cottage

Skill      XL: |  1  2  3  4 |
---------------+-------------+-----
Earth Magic    | 4 |  4.8
Conjurations   | 1 |  1.5
Spellcasting   | 3 |  3.1
Dodging        | |  1.5
Stealth        | |  2.1
Transmutations | |  0.7

Action                   |  1- 3 |  4- 6 || total
-------------------------+-------+-------++-------
Melee: Unarmed           |     5 |       ||     5
       Club              |    39 |       ||    39
       Dagger            |     1 |       ||     1
 Cast: Sandblast         |    38 |     7 ||    45
 Stab: Sleeping          |     2 |       ||     2
Armor: Robe              |     9 |       ||     9
Dodge: Dodged            |    34 |       ||    34
       Repelled          |     2 |       ||     2

Table legend: (Time is in decaauts)
 A = Elapsed time spent in this place.
 B = Non-inter-level travel time spent in this place.
 C = Inter-level travel time spent in this place.
 D = Time resting spent in this place.
 E = Time spent auto-exploring this place.
 F = Levels seen in this place.
 G = Mean time per level.
                   A        B        C        D        E       F      G
               +--------+--------+--------+--------+--------+-----+--------+
         Total |   2391 |   1284 |   1107 |    973 |      0 |   4 |  597.8 |
       Dungeon |   2391 |   1284 |   1107 |    973 |      0 |   4 |  597.8 |
               +--------+--------+--------+--------+--------+-----+--------+

Top non-repeatable levels by time:
     D:1: 1230 daAuts
     D:2: 887 daAuts
     D:3: 268 daAuts
     D:4: 4 daAuts
